Match 45091584
Unlisted

Match 45091584
End
Kradschützen Motorcycle Team
Selects Panzerjäger Kommand Battlegroup
Selects Mine Fields
Panzergrenadier Squad
Panzergrenadier Squad
Panzergrenadier Squad
Selects Tank Busters
Construct Light Support Kompanie
2.5-tonne Medical Truck
Fire Support Elements
MG34 Team
Construct Panzerarmee Kommand
Selects Defensive Positions
Panzerjäger Squad
Veteran Squad Leaders
Selects Butterfly Bomb Drop
Panzer III L Medium Tank
Panzer III L Medium Tank
Pak 38 Anti-tank Gun Team
Selects Crew Shock Tactics
MG34 Team
Butterfly Bomb Drop
Panzer III L Medium Tank
Selects Elefant Tank Destroyer
Crew Shock Tactics
Advanced Field Repairs
Panzer III L Medium Tank
Shans
♊ BLITZ ♊
NooJ
fehily501
0
0

Comments sign in to comment!

No comments posted yet!